 Dungeon Crawl Stone Soup version 0.23-a0-586-gacb4b3f (webtiles) character file.

10005 Firecrotchwizard the Cleaver (level 11, -9/104 HPs)
             Began as a Deep Dwarf Fighter on Dec 19, 2018.
             Was a Priest of Makhleb.
             Mangled by an ettin
             ... wielding a +0 great mace
              (11 damage)
             ... on level 10 of the Dungeon.
             The game lasted 00:22:36 (8687 turns).

Firecrotchwizard the Cleaver (Deep Dwarf Fighter)   Turns: 8687, Time: 00:22:36

Health: -9/104     AC: 11    Str: 24    XL:     11   Next: 30%
Magic:  8/8        EV:  7    Int:  8    God:    Makhleb [***...]
Gold:   629        SH: 12    Dex: 12    Spells: 10/10 levels left

rFire    + . .     SeeInvis .   G - +2 war axe (freeze)
rCold    + . .     Gourm    +   c - +0 shield
rNeg     . . .     Faith    .   o - +0 chain mail
rPois    +         Spirit   .   p - +0 helmet
rElec    .         Reflect  .   F - scarf {rC+ rF+}
rCorr    .         Harm     .   v - +0 pair of gloves
MR       +....                  (no boots)
Stlth    ..........             e - amulet of the gourmand {Gourm, !d}
HPRegen  0.00/turn              m - ring of poison resistance {rPois, !d}
MPRegen  0.11/turn              y - ring of wizardry {Wiz+, !d}

@: non-regenerating
A: damage resistance, heal wounds, sense surroundings 2, no regeneration
a: Heal Wounds, Minor Destruction, Lesser Servant of Makhleb, Renounce Religion


You were on level 10 of the Dungeon.
You worshipped Makhleb.
Makhleb was most pleased with you.
You were completely stuffed.

You visited 2 branches of the dungeon, and saw 11 of its levels.
You also visited: Sewer.

You collected 769 gold pieces.
You spent 140 gold pieces at shops.

Inventory:

Hand Weapons
 G - a +2 war axe of freezing (weapon)
   (You acquired it on level 8 of the Dungeon)
Missiles
 u - 3 curare-tipped needles
Armour
 b - a +0 scale mail
 c - a +0 shield (worn)
 h - a +0 cloak
   (You found it on level 1 of the Dungeon)
 o - a +0 chain mail (worn)
   (You took it off Terence on level 1 of the Dungeon)
 p - a +0 helmet (worn)
   (You took it off Robin on level 2 of the Dungeon)
 v - a +0 pair of gloves (worn)
   (You found it on level 7 of the Dungeon)
 F - a scarf of resistance (worn)
   (You found it on level 7 of the Dungeon)
Jewellery
 e - an amulet of the gourmand (around neck) {Gourm, !d}
   (You found it on level 2 of the Dungeon)
 m - a ring of poison resistance (left hand) {rPois, !d}
   (You found it on level 4 of the Dungeon)
 y - a ring of wizardry (right hand) {Wiz+, !d}
   (You found it in a sewer)
Wands
 w - a wand of flame (40)
   (You found it on level 4 of the Dungeon)
 E - a wand of clouds (2)
   (You found it on level 6 of the Dungeon)
 K - a wand of random effects (21)
   (You took it off a centaur on level 9 of the Dungeon)
Scrolls
 g - 3 scrolls of magic mapping {!r}
 j - 2 scrolls of identify
 l - 3 scrolls of teleportation
 n - 3 scrolls of fear
 r - 6 scrolls of remove curse
 x - 2 scrolls of random uselessness
 C - a scroll of blinking {!r}
 H - a scroll of fog
 I - 2 scrolls of enchant weapon
 J - a scroll of amnesia
Potions
 d - 3 potions of might
 i - 2 potions of agility
 k - a potion of magic {unknown}
 q - 3 potions of curing
 s - a potion of degeneration {unknown}
 t - 2 potions of berserk rage {!q}
 z - 4 potions of lignification {!q}
 B - a potion of brilliance {unknown}
 D - 2 potions of heal wounds
 L - a potion of flight {unknown}
Comestibles
 f - 26 rations


   Skills:
 + Level 8.6 Fighting
 * Level 13.3 Axes
 - Level 3.2 Armour
 + Level 10.2 Shields
 + Level 3.6 Invocations


You had 10 spell levels left.
You didn't know any spells.
Your spell library contained the following spells:

 Spells                   Type           Power        Failure   Level  Hunger
 Animate Skeleton         Necr           N/A          90%         1    ##.....
 Magic Dart               Conj           #...         90%         1    ##.....
 Pain                     Necr           #...         90%         1    ##.....
 Sting                    Conj/Pois      #...         90%         1    ##.....
 Poisonous Vapours        Pois/Air       #.....       96%         2    ###....
 Searing Ray              Conj           #.....       96%         2    ###....
 Conjure Flame            Conj/Fire      #.......     99%         3    ####...
 Dazzling Spray           Conj/Hex       #.....       99%         3    ####...
 Mephitic Cloud           Conj/Pois/Air  #.......     99%         3    ####...
 Vampiric Draining        Necr           #.........   99%         3    ####...
 Animate Dead             Necr           N/A          100%        4    #####..
 Force Lance              Conj/Tloc      #.......     100%        4    #####..
 Fulminant Prism          Conj/Hex       #.........   100%        4    #####..
 Iskenderun's Mystic Bla  Conj           #.......     100%        4    #####..
 Olgreb's Toxic Radiance  Pois           #.......     100%        4    #####..
 Venom Bolt               Conj/Pois      #.........   100%        5    ######.
 Freezing Cloud           Conj/Ice/Air   #.........   100%        6    #######
 Ring of Flames           Chrm/Fire      #.........   100%        7    #######
 Regeneration             Chrm/Necr      Unusable     N/A         3    N/A

Dungeon Overview and Level Annotations

Branches:
Dungeon (10/15)            Temple (1/1) D:5            Lair (0/6) D:9
    Orc: D:9-12

Altars:
Ashenzari
Cheibriados
Fedhas
Gozag
Hepliaklqana
Kikubaaqudgha
Makhleb
Nemelex Xobeh
Okawaru
Qazlal
Ru
Sif Muna
Trog
Xom
Yredelemnul
The Shining One

Shops:
D:6 }!   D:7 =

Annotations:
D:7 1 runed door, PriceMaster's ghost, novice DEAE


Innate Abilities, Weirdness & Mutations

You are resistant to damage.
You can heal yourself by infusing magical energy.
You passively map the area around you.
You do not regenerate.


Message History

The wolf spider struggles to resist.
The now-empty wand crumbles to dust.
The wolf spider hits you. The wolf spider bites you!
The kobold hits you but does no damage. You block the wolf spider's attack.
The wolf spider bites you but does no damage.
You take 11 damage, and have 55/104 hp.
Aim: a wolf spider (moderately wounded, clinging)
You create a blast of freezing vapour!
The wolf spider is engulfed in freezing vapours.
The wolf spider hits you. You block the wolf spider's attack.
The kobold hits you but does no damage.
Your chain mail prevents you from hitting the kobold.
You closely miss the wolf spider.
The wolf spider is engulfed in freezing vapours.
The wolf spider hits you but does no damage.
The wolf spider bites you. The kobold hits you.
The wolf spider is engulfed in freezing vapours.
The wolf spider hits you!
The wolf spider bites you but does no damage.
You take 3 damage, and have 52/104 hp.
You slice the kobold!! You freeze the kobold.
You kill the kobold!
Makhleb accepts your kill.
You feel better.
You slash the wolf spider! You freeze the wolf spider.
The wolf spider is engulfed in freezing vapours.
You kill the wolf spider!
Makhleb accepts your kill.
You feel better.
You regained 20 hp, and now have 72/104 hp.
Things that are here:
2 stones; a kobold corpse You start waiting.
Some of the chunks of flesh in your inventory have rotted away. x5
Done waiting.
You feel much better.
You regained 19 hp, and now have 91/104 hp.
All of the chunks of flesh in your inventory have rotted away.
a - a slimy ring mail
As you read the scroll of identify, it crumbles to dust.
a - the +1 ring mail "Eddere" {*Drain rElec Str+2 Dex+7} Drop what? 37/52 slots (_ for help) (? for menu, Esc to quit)
You drop the +1 ring mail "Eddere" {*Drain rElec Str+2 Dex+7}.
You butcher the iguana corpse.
a - a chunk of flesh {@w0}
Things that are here:
4 stones; an iguana skeleton
Things that are here:
4 stones; an iguana skeleton Eating a chunk of flesh {@w0}.
You eat the chunk of flesh {@w0}.
This raw flesh tastes great.
A crocodile comes into view.
You slash the crocodile!
The crocodile seems to slow down.
You freeze the crocodile.
The crocodile bites you but does no damage.
You slice the crocodile!!
The crocodile seems to slow down.
You freeze the crocodile.
You kill the crocodile!
Makhleb accepts your kill.
You feel better.
You hear an angry hiss.
You regained 6 hp, and now have 97/104 hp.
No target in view!
A basilisk comes into view.
The basilisk hisses angrily.
You completely miss the basilisk. You slash the basilisk!
The basilisk seems to slow down.
You freeze the basilisk. You block the basilisk's attack.
You slash the basilisk! You freeze the basilisk.
You hear two shouts!
You block the basilisk's attack.
Your chain mail prevents you from hitting the basilisk.
You miss the basilisk.
An ettin comes into view.
It is wielding a +0 great mace and a +0 dire flail.
You slash the ettin! You freeze the ettin. You hit the ettin.
You freeze the ettin.
The ettin hits you with a +0 great mace!
You block the ettin's attack.
You take 8 damage, and have 89/104 hp.
Aim: an ettin, wielding a +0 great mace and a +0 dire flail (moderately You create a blast of noxious fumes!
You hit the ettin. You freeze the ettin.
The ettin is engulfed in noxious fumes.
The ettin hits you with a +0 great mace!!
The ettin hits you with a +0 dire flail!!
* * * LOW HITPOINT WARNING * * *
You take 62 damage, and have 27/104 hp.
MASSIVE DAMAGE!!
You hit the ettin. You freeze the ettin.
The ettin is engulfed in noxious fumes.
The ettin appears confused.
The ettin laughs crazily.
The ettin hits something with a +0 great mace!!!
Makhleb accepts your kill.
You feel a bit more experienced.
You hit the ettin. You freeze the ettin. You hit the ettin.
You freeze the ettin.
The ettin is engulfed in noxious fumes.
The ettin laughs at nothing.
The ettin hits you with a +0 great mace!!
* * * LOW HITPOINT WARNING * * *
The ettin hits you with a +0 dire flail!
You die...

.. , .. #......###)# *#.#
..#** #......# #÷# #####.#
#.# #####.##.# #)### #.....#
#.# #.....##.# #.).## #.....#
#.# ####.....# ###..# #.....#
#.# * #..#..# ##..
#.....###.#### ##....########
#..........#.# #.......).(.(.
#.....###..#@#l##...##.......
#.....# #.#.#C# #...#.####...
#....## #.###§# #.####÷.#....
#....# #.[ .# #.#...#####..
###..# ##.* ## ######....#.#
#..# .. * #..††.#####.. #..#
*############# ...
####..######....[# * *,
#......#..(.###### * *,


You could see an ettin (confused).

Vanquished Creatures
  2 two-headed ogres
  An unseen horror (D:10)
  2 wolf spiders (D:10)
  A komodo dragon (D:10)
  A queen bee (D:8)
  2 hippogriffs (D:10)
  A basilisk (D:10)
  11 yaks
  A wyvern (D:6)
  A water moccasin (D:5)
  A hornet zombie (D:10)
  2 orc warriors
  A sky beast (D:6)
  3 black bears
  A necrophage (D:10)
  A phantom (D:5)
  3 ice beasts
  5 ogres
  A centaur (D:9)
  2 crocodiles
  2 big kobolds (D:10)
  A gnoll sergeant (D:10)
  4 bullfrogs
  2 scorpions
  2 wyvern skeletons
  15 killer bees (D:8)
  A howler monkey (D:4)
  3 crimson imps
  2 centaur zombies
  A quasit (D:10)
  4 jellies
  A bullfrog skeleton (D:4)
  3 orc priests
  6 hounds
  2 iguanas
  7 orc wizards
  3 centaur skeletons
  Terence (D:1)
  9 worker ants
  2 hound skeletons
  Robin (D:2)
  13 gnolls
  11 adders
  A howler monkey skeleton (D:8)
  A river rat (D:4)
  4 oozes
  3 adder skeletons
  3 adder zombies
  A worm (D:4)
  3 dart slugs
  3 leopard geckos (D:4)
  22 orcs
  7 giant cockroaches
  21 goblins
  9 hobgoblins
  12 jackals
  4 quokkas
  A ball python (D:2)
  5 bats
  7 frilled lizards
  18 kobolds
  A leopard gecko skeleton (D:4)
  5 rats
270 creatures vanquished.

Notes
Turn   | Place    | Note
-------+----------+-------------------------------------------
     0 | D:1      | Firecrotchwizard the Deep Dwarf Fighter began the quest for
                  | the Orb.
     0 | D:1      | Reached XP level 1. HP: 20/20 MP: 1/1
   110 | D:1      | Reached XP level 2. HP: 27/27 MP: 2/2
   243 | D:1      | Reached skill level 3 in Axes
   282 | D:1      | Reached skill level 3 in Fighting
   290 | D:1      | Reached XP level 3. HP: 32/34 MP: 3/3
   929 | D:2      | Noticed Robin
  1068 | D:2      | Reached XP level 4. HP: 37/42 MP: 4/4
  1095 | D:2      | Noticed Terence
  1106 | D:1      | Killed Terence
  1106 | D:1      | Reached skill level 4 in Axes
  1106 | D:1      | Reached skill level 4 in Shields
  1231 | D:2      | Killed Robin
  1462 | D:2      | Found a sparkling altar of Nemelex Xobeh.
  1830 | D:3      | Reached XP level 5. HP: 46/49 MP: 4/4
  1861 | D:3      | Found a bloodstained altar of Trog.
  2286 | D:3      | Found an ancient bone altar of Kikubaaqudgha.
  2453 | D:4      | Reached skill level 5 in Axes
  2472 | D:4      | Reached XP level 6. HP: 52/57 MP: 4/4
  2559 | D:4      | Reached skill level 4 in Fighting
  2620 | D:4      | Found a basalt altar of Yredelemnul.
  2632 | D:4      | Reached skill level 5 in Shields
  2634 | D:4      | Reached skill level 6 in Axes
  2645 | D:4      | Found a glowing golden altar of the Shining One.
  3108 | D:4      | Found a glowing drain.
  3112 | Sewer    | Entered a sewer
  3127 | Sewer    | Reached XP level 7. HP: 64/64 MP: 5/5
  3719 | D:5      | Entered Level 5 of the Dungeon
  3734 | D:5      | Reached skill level 7 in Axes
  3805 | D:5      | Found a staircase to the Ecumenical Temple.
  3809 | Temple   | Entered the Ecumenical Temple
  3864 | Temple   | Became a worshipper of Makhleb the Destroyer
  4171 | D:5      | Reached skill level 5 in Fighting
  4171 | D:5      | Reached skill level 6 in Shields
  4173 | D:5      | Reached XP level 8. HP: 49/74 MP: 6/6
  4641 | D:6      | Reached skill level 8 in Axes
  4684 | D:6      | Found Qealeose's Gadget Boutique.
  4959 | D:6      | Found Higotorch's Distillery.
  4972 | D:6      | Bought a potion of heal wounds for 50 gold pieces
  4972 | D:6      | Bought a potion of might for 40 gold pieces
  4972 | D:6      | Bought a potion of heal wounds for 50 gold pieces
  5325 | D:7      | Reached * piety under Makhleb
  5560 | D:7      | Reached skill level 9 in Axes
  5689 | D:7      | Reached skill level 7 in Shields
  5726 | D:7      | Found a runed door.
  5727 | D:7      | Noticed PriceMaster's ghost (novice DEAE)
  5766 | D:7      | Found Ettapran's Jewellery Emporium.
  5829 | D:8      | Noticed a two-headed ogre
  5841 | D:7      | Killed a two-headed ogre
  5841 | D:7      | Reached skill level 6 in Fighting
  5841 | D:7      | Gained mutation: You passively map the area around you.
                  | [Deep Dwarf growth]
  5841 | D:7      | Reached XP level 9. HP: 35/82 MP: 7/7
  6180 | D:8      | Identified a scroll of acquirement
  6196 | D:8      | Reached skill level 10 in Axes
  6397 | D:8      | Reached skill level 8 in Shields
  6448 | D:8      | Noticed a queen bee
  6465 | D:8      | Killed a queen bee
  6465 | D:8      | Reached skill level 7 in Fighting
  6465 | D:8      | Reached skill level 11 in Axes
  6567 | D:8      | Reached ** piety under Makhleb
  6861 | D:8      | Reached XP level 10. HP: 64/94 MP: 7/7
  7245 | D:9      | Found a staircase to the Lair.
  7254 | D:9      | Noticed a two-headed ogre
  7265 | D:9      | Killed a two-headed ogre
  7265 | D:9      | Reached skill level 9 in Shields
  7280 | D:9      | Found a sacrificial altar of Ru.
  7434 | D:9      | Found a deep blue altar of Sif Muna.
  7565 | D:9      | Reached skill level 12 in Axes
  7748 | D:9      | Found a hazy altar of Hepliaklqana.
  8003 | D:10     | Entered Level 10 of the Dungeon
  8019 | D:10     | Reached skill level 8 in Fighting
  8056 | D:10     | Noticed a wolf spider
  8071 | D:10     | Killed a wolf spider
  8110 | D:10     | Reached *** piety under Makhleb
  8318 | D:10     | Reached skill level 1 in Invocations
  8358 | D:10     | Reached XP level 11. HP: 88/103 MP: 5/7
  8405 | D:10     | Reached skill level 2 in Invocations
  8407 | D:10     | Reached skill level 13 in Axes
  8417 | D:10     | Reached skill level 10 in Shields
  8517 | D:10     | Killed an unseen horror
  8517 | D:10     | Reached skill level 3 in Invocations
  8521 | D:10     | Noticed a wolf spider
  8529 | D:10     | Killed a wolf spider
  8638 | D:10     | Got a slimy ring mail
  8639 | D:10     | Identified the +1 ring mail "Eddere" {*Drain rElec Str+2
                  | Dex+7} (You found it on level 10 of the Dungeon)
  8681 | D:10     | Noticed an ettin
  8687 | D:10     | HP: 2/104 [ettin/+0 great mace (25)]
  8687 | D:10     | Mangled by an ettin

Vault maps used:
D:1:      dpeg_arrival_ternary
D:2:      nemelex_altar_shiori, uniq_robin, uniq_terence
D:3:      marbit_many_paths, trog_three_pillars_becter
D:4:      yredelemnul_altar_generic, gup_sewer_entry_spiral, first_ration,
          nicolae_zen_rock_garden, tso_altar
D:5:      temple_hall_moat
D:6:      serial_shops, shop_coins, shop, minmay_misc_feat_tiny
D:7:      gammafunk_ghost_grave, serial_shops, kennysheep_mini
D:8:      david_nohive_1
D:9:      lemuel_coloured_pillars_altar, nicolae_ru_sacrificial_ziggurat,
          nicolae_overflow_hidden_temple
D:10:     minmay_chopped_fan
Temple:   regret_index_temple_sphere_string
Sewer:    sewer_the_crocodile

Skill      XL: |  1  2  3  4  5  6  7  8  9 10 11 |
---------------+----------------------------------+-----
Axes           | 3 4 5 6 7 9 11 12 13 | 13.3
Fighting       | 3 4 5 6 7 8 |  8.6
Shields        | 4 5 6 7 8 9 10 | 10.2
Invocations    | 1 3 |  3.6
Armour         | |  3.2

Action                   |  1- 3 |  4- 6 |  7- 9 | 10-12 || total
-------------------------+-------+-------+-------+-------++-------
Melee: War axe           |   117 |   236 |   385 |   287 ||  1025
Throw: Throwing net      |       |     1 |       |       ||     1
 Abil: Heal Wounds       |       |     3 |    11 |     5 ||    19
Evoke: Wand              |       |       |     7 |     7 ||    14
  Use: Scroll            |       |     6 |    10 |     4 ||    20
 Stab: Confused          |       |       |       |     3 ||     3
  Eat: Chunk             |     1 |    21 |    12 |     7 ||    41
Armor: Scale mail        |    68 |     3 |       |       ||    71
       Chain mail        |       |   123 |   175 |   116 ||   414
Dodge: Dodged            |    31 |    71 |   105 |    55 ||   262
Block: Shield            |    60 |   131 |   228 |   166 ||   585

Table legend:
 A = Non-vault XP
 B = Vault XP
 C = Vault XP percentage of total XP
 D = Non-vault monster count
 E = Vault monster count
 F = Vault count percentage of total count
                 A         B        C        D         E       F
            +---------+---------+-------+---------+---------+-------
      Total |   10364 |    3929 |  27.5 |     218 |      52 |  19.3
            +---------+---------+-------+---------+---------+-------
        D:1 |      58 |      49 |  45.8 |      29 |       8 |  21.6
        D:2 |      60 |      23 |  27.7 |      18 |       5 |  21.7
        D:3 |     116 |      16 |  12.1 |      17 |       2 |  10.5
        D:4 |     473 |      36 |   7.1 |      28 |       7 |  20.0
        D:5 |     682 |       0 |   0.0 |      16 |       0 |   0.0
        D:6 |     380 |       0 |   0.0 |      10 |       0 |   0.0
        D:7 |    1382 |       0 |   0.0 |      13 |       0 |   0.0
        D:8 |    1124 |    1206 |  51.8 |      14 |      16 |  53.3
        D:9 |    2975 |       0 |   0.0 |      30 |       0 |   0.0
       D:10 |    3114 |    2484 |  44.4 |      43 |       8 |  15.7
      Sewer |       0 |     115 | 100.0 |       0 |       6 | 100.0
            +---------+---------+-------+---------+---------+-------

Vault maps used:
D:1:      dpeg_arrival_ternary
D:2:      nemelex_altar_shiori, uniq_robin, uniq_terence
D:3:      marbit_many_paths, trog_three_pillars_becter
D:4:      yredelemnul_altar_generic, gup_sewer_entry_spiral, first_ration,
          nicolae_zen_rock_garden, tso_altar
D:5:      temple_hall_moat
D:6:      serial_shops, shop_coins, shop, minmay_misc_feat_tiny
D:7:      gammafunk_ghost_grave, serial_shops, kennysheep_mini
D:8:      david_nohive_1
D:9:      lemuel_coloured_pillars_altar, nicolae_ru_sacrificial_ziggurat,
          nicolae_overflow_hidden_temple
D:10:     minmay_chopped_fan
Temple:   regret_index_temple_sphere_string
Sewer:    sewer_the_crocodile

Table legend:
 A = Turns spent in this place as a percentage of turns spent in the entire game.
 B = Non-inter-level travel turns spent in this place as a percentage of non-inter-level travel turns spent in the entire game.
 C = Inter-level travel turns spent in this place as a percentage of turns spent in this place.
 D = Turns resting spent in this place as a percentage of non-inter-level travel turns spent in this place.
 E = Turns spent auto-exploring this place as a percentage of non-inter-level travel turns spent in this place.
 F = Non-inter-level travel turns spent in this place divided by the number of levels of this place that you've seen.
                   A       B       C       D       E      F
               +-------+-------+-------+-------+-------+----------------------
         Total | 100.0 | 100.0 |   6.0 |  21.5 |  53.4 | 680.3
       Dungeon |  96.4 |  96.5 |   5.8 |  21.0 |  53.9 | 788.2
        Temple |   0.9 |   0.6 |  43.2 |   0.0 |  95.7 |  46.0
         Sewer |   2.7 |   2.9 |   0.0 |  42.4 |  28.4 | 236.0
               +-------+-------+-------+-------+-------+----------------------

Table legend:
 A = Kills in this place as a percentage of kills in entire the game.
 B = Kills by you in this place as a percentage of kills by you in the entire game.
 C = Kills by friends in this place as a percentage of kills by friends in the entire game.
 D = Other kills in this place as a percentage of other kills in the entire game.
 E = Experience gained in this place as a percentage of experience gained in the entire game.
 F = Experience gained in this place divided by the number of levels of this place that you have seen.
                   A       B       C       D       E      F
               +-------+-------+-------+-------+-------+----------------------
         Total | 100.0 | 100.0 |   N/A | 100.0 | 100.0 | 1191.1
       Dungeon |  97.8 |  97.8 |   N/A | 100.0 |  99.2 | 1417.8
         Sewer |   2.2 |   2.2 |   N/A |   0.0 |   0.8 | 115.0
               +-------+-------+-------+-------+-------+----------------------
